 Dungeon Crawl Stone Soup version 0.28-a0-1429-gf3d713df7a (webtiles) character file.

Game seed: 7119831296315216238

770 anonymouscript the Ruffian (level 7, 0/66 (67) HPs)
             Began as a Troll Fighter on Jan 9, 2022.
             Slain by a killer bee (2 damage)
             ... on level 6 of the Dungeon.
             The game lasted 00:07:45 (1584 turns).

anonymouscript the Ruffian (Troll Fighter)          Turns: 1584, Time: 00:07:45

HP:   0/66 (67)     AC:  4    Str: 27    XL:     7   Next: 52%
MP:   0/6           EV:  9    Int:  4    God:
Gold: 404           SH:  7    Dex:  9    Spells: 6/6 levels left

rFire   . . .      SeeInvis .     - Unarmed
rCold   . . .      Faith    .   b - +0 kite shield
rNeg    . . .      Spirit   +   a - +0 robe
rPois   .          Reflect  .   (helmet restricted)
rElec   .          Harm     .   (no cloak)
rCorr   .          Rampage  .   (gloves unavailable)
Will    .....                   (boots unavailable)
Stlth   +.........              e - amulet of guardian spirit
HPRegen 1.01/turn               (no ring)
MPRegen 0.10/turn               (no ring)

@: lethally poisoned (0 -> -11), lightly drained
A: large, unfitting armour, claws 3, regeneration 1, shaggy fur 1, tough skin 1
a: no special abilities


You were on level 6 of the Dungeon.
You visited 1 branch of the dungeon, and saw 7 of its levels.
You also visited: Ossuary.

You collected 404 gold pieces.

Inventory:

Armour
 a - a +0 robe (worn)
 b - a +0 kite shield (worn)
Jewellery
 e - an amulet of guardian spirit (around neck)
Scrolls
 d - a scroll of amnesia {unknown}
 f - a scroll of teleportation {unknown}
 g - a scroll of blinking {unknown}
 h - 3 scrolls of silence {unknown}
 i - a scroll of noise {unknown}
 p - a scroll of summoning {unknown}
Potions
 j - a potion of brilliance {unknown}
 k - a potion of haste {unknown}
 l - a potion of lignification {unknown}
 m - a potion of mutation {unknown}
 n - 2 potions of curing {unknown}
 o - 2 potions of degeneration {unknown}
 q - a potion of heal wounds
 r - 2 potions of flight {unknown}


   Skills:
 + Level 3.3 Fighting
 + Level 3.9 Dodging
 + Level 0.5 Stealth
 + Level 3.8 Shields
 + Level 6.0 Unarmed Combat


You had 6 spell levels left.
You didn't know any spells.
Your spell library contained the following spells:

 Spells                   Type           Power      Damage    Failure   Level
 Summon Small Mammal      Summ           0%         N/A       80%         1
 Call Canine Familiar     Summ           0%         N/A       99%         3
 Summon Guardian Golem    Hex/Summ       0%         N/A       99%         3


Dungeon Overview and Level Annotations

Branches:
Dungeon (7/15)            Ossuary (visited)
 Temple: D:4-7

Altars:

Shops:
D:4 *


Innate Abilities, Weirdness & Mutations

You are too large for most types of armour.
You have claws for hands.
Your natural rate of healing is unusually fast.
You are covered in fur. (AC +1)
You have tough skin. (AC +1)


Message History

The white imp gestures at you. The puff of frost hits you!
The killer bee barely misses you. The killer bee stings you.
You barely miss the killer bee.
You feel sick.
You block the killer bee's attack. x2; You block the white imp's attack.
The killer bee barely misses you.
The killer bee stings you but does no damage.
You closely miss the killer bee.
You feel sick. The killer bee stings you.
* * * LOW HITPOINT WARNING * * *
The killer bee stings you.
* * * LOW HITPOINT WARNING * * *
The white imp closely misses you. The killer bee stings you.
* * * LOW HITPOINT WARNING * * *
The killer bee misses you.
You feel much better.
You feel sick. The killer bee closely misses you.
The killer bee stings you but does no damage.
The white imp hits you. The white imp freezes you.
The killer bee closely misses you. The killer bee stings you.
You are more poisoned.
The killer bee poisons you!
As you read the scroll labelled TENOARYOMEIQ, it crumbles to dust.
You feel aware of your surroundings.
It was a scroll of magic mapping.
You feel sick. The killer bee stings you. The killer bee closely misses you.
The white imp hits you but does no damage.
The killer bee stings you!
You are more poisoned.
The killer bee poisons you! The killer bee stings you.
* * * LOW HITPOINT WARNING * * *
You scratch the killer bee.
The killer bee is moderately wounded.
You feel very sick. The killer bee barely misses you.
The killer bee stings you!
* * * LOW HITPOINT WARNING * * *
You are lethally poisoned!
The killer bee poisons you! The white imp hits you.
* * * LOW HITPOINT WARNING * * *
The white imp freezes you.
* * * LOW HITPOINT WARNING * * *
The killer bee stings you.
You die...

*,,**#.#
*,****,,,,,,,,,,,*
*##,,* #.#
*,,,,,,,,,,*****,*
,...,###.###
*,****,***** *,*
,.z..,.....#
*,,,,,,* *,*
,.....#....#
******** *,,
**#..z.)...# *** *
*,,*,#..#*
***,,*,#..#########
*,,<,*,#...zlzz5@y#
,,.......########y#
*,#....#.# #.#
*,##...#.# #.#
,,....,#.# #.#
*,##..*#.# #.#
,,,..,,.$# #.#
,,,*,,*##* #.#
*,,*,,*****
#.#############**


You could see an iguana, 2 killer bees, 3 wights and a white imp.

Vanquished Creatures
  Grinder (D:4)
  A sky beast (D:5)
  A centaur (D:5)
  A phantom (D:5)
  A scorpion (D:4)
  A jelly (D:5)
  2 bullfrog skeletons (D:5)
  8 mummies (Ossuary)
  4 gnolls
  An adder (D:5)
  An orc (D:4)
  An endoplasm (D:2)
  2 giant cockroaches
  2 gnoll zombies (Ossuary)
  A goblin (D:1)
  3 hobgoblins
  3 kobolds
  A quokka (D:1)
  4 ball pythons (D:1)
  4 bats
  2 frilled lizards (D:1)
  3 hobgoblin zombies (Ossuary)
  2 kobold zombies (Ossuary)
  An orc zombie (Ossuary)
  A quokka skeleton (D:4)
  2 rats (D:1)
54 creatures vanquished.

Notes
Turn   | Place    | Note
-------+----------+-------------------------------------------
     0 | D:1      | anonymouscript the Troll Fighter began the quest for the
                  | Orb.
     0 | D:1      | Reached XP level 1. HP: 22/22 MP: 0/0
   136 | D:1      | Found a faded altar of an unknown god.
   233 | D:1      | Reached XP level 2. HP: 29/29 MP: 1/1
   522 | D:4      | Found Woweteug's Lightly-Used Armoury.
   524 | D:4      | Noticed a scorpion
   533 | D:4      | Killed a scorpion
   534 | D:4      | Reached XP level 3. HP: 27/36 MP: 2/2
   534 | D:4      | Reached XP level 4. HP: 33/44 MP: 3/3
   684 | D:4      | Noticed Grinder
   698 | D:4      | Paralysed by Grinder for 3 turns
   717 | D:4      | Killed Grinder
   718 | D:4      | Reached skill level 4 in Unarmed Combat
   718 | D:4      | Reached XP level 5. HP: 8/53 MP: 4/4
   718 | D:4      | Reached XP level 6. HP: 9/61 MP: 5/5
   788 | D:5      | Entered Level 5 of the Dungeon
   921 | D:5      | Reached skill level 5 in Unarmed Combat
   955 | D:5      | Reached XP level 7. HP: 52/67 MP: 4/6
   961 | D:5      | Found a sand-covered staircase.
   970 | Ossuary  | Entered an ossuary
  1323 | D:5      | Reached skill level 6 in Unarmed Combat
  1584 | D:6      | HP: 2/66 [white imp (2)]
  1584 | D:6      | Slain by a killer bee

Illustrated notes

Levels and vault maps discovered:
D:1:      dpeg_arrival_lava_altar, layout_loops_ring, basic_ecumenical_altar
D:2:      layout_rooms, basic_altar
D:3:      minmay_inner_zag, layout_basic, nicolae_overflow_ecumenical_swirl,
          uniq_sigmund
D:4:      layout_basic, minmay_shop_damaged, uniq_natasha, uniq_grinder
D:5:      layout_basic, enter_ossuary_5, uniq_edmund
D:6:      layout_loops_ring
D:7:      layout_cave_pools, nicolae_qazlal_style_of_elements, tgw_sif,
          minmay_temple_entry_nine_rooms, serial_co_window_serial,
          co_window_paths_a, co_window_paths_b, co_window_cross_1,
          co_window_of_opportunity_a, co_window_paths_b, co_window_paths_a,
          co_window_paths_a, co_window_broadway_c, co_window_unsneaky_path_d,
          co_window_broadway_b, co_window_corner_ca, co_window_corner_b,
          co_window_broadway_a, glass_columns_b, glass_columns_c, uniq_duvessa

Skill      XL: |  1  2  3  4  5  6  7 |
---------------+----------------------+-----
Shields        | 3 |  3.8
Fighting       | 3 |  3.3
Dodging        | 3 |  3.9
Unarmed Combat | 4 5 6 |  6.0
Stealth        | |  0.5

Action                   |  1- 3 |  4- 6 |  7- 9 || total
-------------------------+-------+-------+-------++-------
Melee: Unarmed           |    55 |    65 |    76 ||   196
  Use: Potion            |     1 |     1 |     2 ||     4
       Scroll            |       |       |     1 ||     1
 Stab: Sleeping          |     1 |       |     1 ||     2
Armor: Robe              |    28 |     8 |    20 ||    56
Dodge: Dodged            |    26 |    18 |    45 ||    89
Block: Kite shield       |    15 |    19 |    38 ||    72

Table legend: (Time is in decaauts)
 A = Elapsed time spent in this place.
 B = Non-inter-level travel time spent in this place.
 C = Inter-level travel time spent in this place.
 D = Time resting spent in this place.
 E = Time spent auto-exploring this place.
 F = Levels seen in this place.
 G = Mean time per level.
                   A        B        C        D        E       F      G
               +--------+--------+--------+--------+--------+-----+--------+
         Total |   1596 |   1596 |      0 |     85 |    725 |   8 |  199.5 |
       Dungeon |   1331 |   1331 |      0 |     68 |    696 |   7 |  190.1 |
       Ossuary |    265 |    265 |      0 |     17 |     29 |   1 |  265.0 |
               +--------+--------+--------+--------+--------+-----+--------+

Top non-repeatable levels by time:
     D:1: 407 daAuts
     D:5: 365 daAuts
     D:4: 324 daAuts
 Ossuary: 265 daAuts
     D:7: 77 daAuts
     D:6: 67 daAuts
     D:2: 67 daAuts
     D:3: 22 daAuts
